 Dungeon Crawl Stone Soup version 0.30-a0-1035-g38d5fb2972 (webtiles) character file.

Game seed: 10090962593132847734

78229 avis the Nimble (level 14, -5/148 HPs)
             Began as a Demigod Transmuter on Apr 4, 2023.
             Killed from afar by Roxanne (56 damage)
             ... with a crystal spear
             ... on level 1 of the Snake Pit on Apr 8, 2023.
             The game lasted 04:24:53 (29483 turns).

avis the Nimble (Demigod Transmuter)               Turns: 29483, Time: 04:24:54

Health: -5/148     AC: 17    Str: 19    XL:     14   Next: 76%
Magic:  38/38      EV: 26    Int: 22    God:
Gold:   635        SH:  0    Dex: 18    Spells: 4/27 levels left

rFire   x . .      SeeInvis .      - Unarmed
rCold   + + +      Faith    .    (shield currently unavailable)
rNeg    . . .      Spirit   .    G - melded +5 steam dragon scales
rPois   +          Reflect  .    M - melded +0 mask of the Dragon {Will+ Slay+3 SInv}
rElec   .          Rampage  .    E - melded +0 cloak
rCorr   +                        X - melded +2 pair of gloves
Will    +....                    O - melded +2 pair of slick slippers {slick, slippery, EV+4}
Stlth   ++                       a - amulet "Zal Qihe" {RegenMP rCorr MP+9 Int+3}
HPRegen 0.44/turn                e - +5 ring of evasion
MPRegen 0.66/turn                g - +5 ring of evasion

@: ice-armoured, ice-form, studying Summonings
A: freezing attack, amphibious, boosted hp, large, high MP 1, forlorn, divine
attributes
a: End Transformation


You were on level 1 of the Snake Pit.
You were a creature of crystalline ice.
You visited 5 branches of the dungeon, and saw 21 of its levels.
You also visited: Bailey.

You collected 2775 gold pieces.
You spent 2140 gold pieces at shops.

Inventory:

Missiles
 b - 2 throwing nets (quivered)
Armour
 v - a +0 buckler
 E - a +0 cloak (melded)
 G - +5 steam dragon scales (melded)
 M - the +0 mask of the Dragon (melded) {Will+ Slay+3 SInv}
   (You bought it in a shop on level 2 of the Orcish Mines)

   Slay:      It affects your accuracy & damage with ranged weapons and melee
   (+3).
   SInv:      It lets you see invisible.
   Will:      It increases your willpower.
 O - the +2 pair of slick slippers (melded) {slick, slippery, EV+4}
   (You found it in a bailey)

   Slick:     Its wearer cannot be constricted, engulfed, netted or webbed.
   Slippery:  It slips away from damaging melee attacks, pulling the attacker
   onward.
   EV:        It affects your evasion (+4).
 X - a +2 pair of gloves (melded)
 Y - a scarf of shadows
Jewellery
 a - the amulet "Zal Qihe" (around neck) {RegenMP rCorr MP+9 Int+3}
   (You acquired it on level 1 of the Lair of Beasts)

   [amulet of magic regeneration]

   It increases your rate of magic regeneration.
   Int:       It affects your intelligence (+3).
   MP:        It affects your magic capacity (+9).
   rCorr:     It protects you from acid and corrosion.
 e - a +5 ring of evasion (left front paw)
 g - a +5 ring of evasion (right front paw)
 k - a ring of ice
Wands
 f - a wand of mindburst (2)
 q - a wand of charming (12)
 z - a wand of roots (1)
 D - a wand of polymorph (8)
 R - a wand of flame (57)
Scrolls
 i - 2 scrolls of fear
 l - 3 scrolls of noise {unknown}
 n - 2 scrolls of poison {unknown}
 p - 4 scrolls of summoning {unknown}
 s - a scroll of magic mapping
 t - 9 scrolls of teleportation
 w - 2 scrolls of immolation {unknown}
 B - 3 scrolls of fog
 F - 2 scrolls of blinking
 S - a scroll of torment {unknown}
 T - 3 scrolls of vulnerability {unknown}
Potions
 c - 3 potions of flight
 d - 4 potions of lignification
 h - 4 potions of heal wounds
 j - 3 potions of resistance
 o - 14 potions of curing
 u - 4 potions of cancellation
 H - 5 potions of invisibility
 I - 3 potions of brilliance
 K - a potion of magic
 P - 3 potions of might


   Skills:
 - Level 11.0 Fighting
 - Level 11.0 Dodging
 - Level 11.0 Unarmed Combat
 * Level 7.4 Spellcasting
 - Level 11.0 Translocations
 * Level 7.5 Transmutations
 - Level 6.0 Ice Magic
 - Level 6.0 Air Magic
 - Level 1.0 Poison Magic


You had 4 spell levels left.
You knew the following spells:

 Your Spells              Type           Power      Damage    Failure   Level
b - Blink                 Tloc           100%       N/A       1%          2
c - Passwall              Tmut/Erth      20%        N/A       2%          2
e - Wereblood             Tmut           41%        N/A       1%          2
f - Swiftness             Air            34%        N/A       1%          3
m - Manifold Assault      Tloc           54%        N/A       1%          4
o - Ozocubu's Armour      Ice            34%        N/A       1%          3
p - Spider Form           Tmut/Pois      27%        N/A       4%          3
q - Ice Form              Ice/Tmut       38%        N/A       4%          4

Your spell library contained the following spells:

 Spells                   Type           Power      Damage    Failure   Level
 Beastly Appendage        Tmut           82%        N/A       1%          1
 Sting                    Tmut/Pois      100%       1d8       1%          1
 Poisonous Vapours        Pois/Air       46%        N/A       2%          2
 Ensorcelled Hibernation  Hex/Ice        42%        N/A       3%          2
 Kiss of Death            Conj/Necr      32%        2d7       8%          1
 Magic Dart               Conj           32%        1d4       8%          1
 Sandblast                Erth           16%        2d6       8%          1
 Mephitic Cloud           Conj/Pois/Air  18%        N/A       9%          3
 Call Imp                 Summ           16%        N/A       12%         2
 Summon Lightning Spire   Summ/Air       21%        N/A       22%         4
 Confusing Touch          Hex            8%         N/A       24%         3
 Stone Arrow              Conj/Erth      16%        3d8       24%         3
 Olgreb's Toxic Radiance  Pois           12%        N/A       45%         4
 Animate Armour           Summ/Erth      16%        N/A       61%         4
 Dispel Undead            Necr           8%         3d8       61%         4
 Dispersal                Tloc           27%        N/A       13%         6
 Summon Forest            Summ/Tloc      16%        N/A       22%         5
 Yara's Violent Unravell  Hex/Tmut       12%        3d7       43%         5
 Borgnjor's Vile Clutch   Necr/Erth      4%         N/A       91%         5
 Summon Mana Viper        Hex/Summ       8%         N/A       91%         5
 Ozocubu's Refrigeration  Ice            17%        4d11      99%         7
 Storm Form               Tmut/Air       19%        N/A       99%         7
 Disjunction              Tloc           27%        N/A       99%         8
 Summon Cactus Giant      Summ           4%         N/A       100%        6
 Infestation              Necr           4%         N/A       100%        8
 Lehudib's Crystal Spear  Conj/Erth      4%         10d3      100%        8
 Maxwell's Capacitive Co  Air            17%        ∞         100%        8
 Fire Storm               Conj/Fire      4%         8d1       100%        9


Dungeon Overview and Level Annotations

Branches:
Dungeon (12/15)            Temple (1/1) D:7            Lair (5/5) D:9
 Shoals (0/4) Lair:2        Snake (1/4) Lair:2        Slime (0/5) Lair:5
    Orc (2/2) D:12            Elf (0/3) Orc:2        Bailey (visited)

Shops:
D:11 :   Orc:2 *([[(

Annotations:
Snake:1 Roxanne


Innate Abilities, Weirdness & Mutations

You are a creature of crystalline ice.
You have a powerful freezing melee attack.
You are amphibious.
Your maximum health is increased.
Your armour is entirely melded.
You are incapable of wielding weapons or throwing items.
You have an increased reservoir of magic. (+10% MP)
You shall have no god before yourself.
Your divine heritage dramatically boosts your attributes as you level up.


Message History

This branch contains the serpentine rune of Zot.
Marking area around Roxanne as unsafe for travelling.
Found a potion of flight, a potion of haste and a leather armour.
Found a stone staircase leading down.
There is a staircase back to the Lair here.
Found 8 gold pieces.
Roxanne mumbles some strange words.
The iron shot hits you!!!
You hear an angry hiss.
You hear a shout! x2
Casting: Ice Form (mildly dangerous; 4% risk of failure)
Confirm with . or Enter, or press ? or * to list all spells.
Your icy body feels more resilient.
You hit Roxanne.
Roxanne is lightly damaged.
You punch Roxanne!
Roxanne is lightly damaged.
You punch Roxanne!
Roxanne is lightly damaged.
You pummel Roxanne!!
Roxanne is moderately damaged.
You hear an angry hiss.
Roxanne mumbles some strange words.
The iron shot hits you!!!
You punch Roxanne!
Roxanne is moderately damaged.
A naga warrior comes into view. It is wielding a +0 short sword.
You punch Roxanne!
Roxanne is heavily damaged.
You hit Roxanne.
Roxanne is heavily damaged.
Roxanne casts a spell.
The iron shot hits you!!
* * * LOW HITPOINT WARNING * * *
The naga warrior roars a battlecry!
You hear a shout!
You feel much better.
Roxanne casts a spell.
The crystal spear hits you!!!
You die...

.... ## ..
#... #.# ..##.
#...##.#
#.....
#.>..#.##.....
#N.........#
#.!..!....#
#.#<.#$..#
#.......#
#...#.Y8.#
####......#
#....#.#
#..### # #[.#
#... ##.. #.


You could see Roxanne and a naga warrior.

Vanquished Creatures
  The ghost of HilariousDeathArtist the Severer, a journeyman HuBe of Trog (Orc:1)
  A dire elephant (Lair:5)
  The ghost of Heh the Destroyer, a journeyman OpHW of Okawaru (Orc:2)
  Josephine (D:12)
  Fannar (D:11)
  4 catoblepae
  4 boulder beetles
  An ice dragon (Lair:5)
  5 hydras
  The ghost of Maxmaps the Basher, a journeyman DsMo of Gozag (D:10)
  2 two-headed ogres (D:12)
  A dancing weapon (D:10)
  Erica (Orc:1)
  12 death yaks
  A skyshark (Lair:2)
  5 lindwurms
  2 deep elf pyromancers (D:12)
  3 orc knights (Orc:2)
  5 manticores
  2 orc sorcerers
  11 elephants
  A salamander (Lair:2)
  A cyclops (D:12)
  7 black mambas
  A gargoyle (Bailey)
  7 torpor snails
  An unseen horror (D:11)
  Maggie (D:6)
  11 cane toads
  4 rime drakes
  The ghost of bande the Covered, a novice GrFi (D:5)
  6 komodo dragons
  5 trolls
  2 polar bears
  23 blink frogs
  Grinder (D:5)
  8 hornets
  3 tyrant leeches (Lair:5)
  3 dream sheep
  Sigmund (D:2)
  A snapping turtle (Lair:2)
  3 vampires
  5 wyverns
  4 shadows
  44 yaks
  2 basilisks
  6 wraiths
  6 vampire mosquitoes
  Edmund (D:6)
  3 wargs
  14 water moccasins
  An acid dragon (D:12)
  34 orc warriors
  A black bear (D:5)
  2 ice beasts
  6 ogres
  10 wolves
  15 centaurs
  3 phantoms
  Blork the orc (D:6)
  4 kobold brigands
  5 gnoll sergeants
  14 bullfrogs
  4 scorpions
  A water moccasin skeleton (D:5)
  14 wights
  5 killer bees
  7 vampire bats (Bailey)
  4 electric eels
  2 howler monkeys
  2 wolf zombies (Bailey)
  A centaur zombie (D:5)
  4 lava snakes (Lair:2)
  4 gnoll boudas
  4 hounds
  20 orc priests
  6 jellies
  2 sleepcaps
  Natasha (thrice) (D:3)
  19 orc wizards
  8 iguanas
  A howler monkey zombie (D:5)
  25 gnolls
  12 adders
  A shadow imp (D:6)
  A white imp (D:6)
  An ufetubus (D:4)
  3 worms
  A dart slug (D:2)
  81 orcs
  7 ball pythons
  6 bats
  14 endoplasms
  9 giant cockroaches
  10 hobgoblins
  4 jackals (D:2)
  4 quokkas
  3 frilled lizards (D:1)
  12 goblins
  30 kobolds
  20 orc zombies (Bailey)
  5 rats
697 creatures vanquished.

Vanquished Creatures (others)
  A blink frog (Lair:2)
  A yak (Lair:5)
  19 fungi
  26 plants
  9 toadstools (Lair:2)
  6 withered plants (Orc:2)
62 creatures vanquished.

Grand Total: 759 creatures vanquished

Notes
Turn   | Place    | Note
-------+----------+-------------------------------------------
     0 | D:1      | avis the Demigod Transmuter began the quest for the Orb.
     0 | D:1      | Reached XP level 1. HP: 15/15 MP: 5/5
    27 | D:1      | Reached skill level 1 in Fighting
   234 | D:1      | Reached XP level 2. HP: 24/24 MP: 5/7
  1042 | D:2      | Reached XP level 3. HP: 24/29 MP: 6/8
  1310 | D:2      | Reached XP level 4. HP: 37/38 MP: 7/9
  1521 | D:2      | Learned a level 2 spell: Wereblood
  1525 | D:2      | Learned a level 3 spell: Spider Form
  1525 | D:2      | Upgraded the game from 0.30-a0-989-g0d87f670db to
                  | 0.30-a0-996-ga6910c8ee8
  1985 | D:3      | Reached skill level 1 in Poison Magic
  2071 | D:3      | Noticed Sigmund
  2368 | D:2      | Reached XP level 5. HP: 43/45 MP: 7/10
  2412 | D:2      | Killed Sigmund
  2413 | D:2      | Reached XP level 6. HP: 48/51 MP: 6/13
  2680 | D:3      | Noticed Natasha
  2689 | D:3      | Killed Natasha
  2786 | D:3      | Learned a level 4 spell: Ice Form
  2799 | D:3      | Noticed Natasha
  2813 | D:3      | Killed Natasha
  3072 | D:3      | Noticed Natasha
  3545 | D:3      | Killed Natasha
  3931 | D:4      | Reached XP level 7. HP: 57/59 MP: 10/14
  4615 | D:4      | Found Tyluroen's Magic Scroll Emporium.
  4618 | D:4      | Bought a scroll of magic mapping for 90 gold pieces
  4618 | D:4      | Bought a scroll of teleportation for 36 gold pieces
  4807 | D:4      | Upgraded the game from 0.30-a0-996-ga6910c8ee8 to
                  | 0.30-a0-1008-g30c9307041
  4861 | D:5      | Entered Level 5 of the Dungeon
  4867 | D:5      | Reached skill level 1 in Ice Magic
  5129 | D:5      | Reached XP level 8. HP: 65/66 MP: 13/15
  5141 | D:4      | Learned a level 3 spell: Ozocubu's Armour
  5609 | D:5      | Noticed Grinder
  5642 | D:5      | Killed Grinder
  5643 | D:5      | Reached skill level 5 in Transmutations
  5823 | D:5      | Got Jimypieq's Quarto of the Feculent Autopsy
  6066 | D:5      | Found a runed translucent gate.
  6066 | D:5      | Found a runed translucent gate.
  6066 | D:5      | Found a runed translucent gate.
  6261 | D:5      | Noticed bande's ghost (novice GrFi)
  6352 | D:4      | Bought a scroll of fog for 48 gold pieces
  6352 | D:4      | Bought a scroll of identify for 24 gold pieces
  6352 | D:4      | Bought a scroll of identify for 24 gold pieces
  6352 | D:4      | Bought a scroll of identify for 24 gold pieces
  6410 | D:6      | Reached skill level 5 in Fighting
  6452 | D:6      | Noticed Edmund
  6466 | D:6      | Killed Edmund
  6467 | D:6      | Reached skill level 5 in Dodging
  6467 | D:6      | Reached skill level 5 in Unarmed Combat
  6918 | D:6      | Reached XP level 9. HP: 74/74 MP: 5/17
  7165 | D:6      | Noticed Maggie
  7229 | D:6      | Killed Maggie
  7230 | D:6      | Reached skill level 5 in Ice Magic
  7270 | D:6      | Noticed Blork the orc
  7319 | D:6      | Killed Blork the orc
  7850 | D:6      | Got Teqith's Excursus on Fluctuating Fever
  8362 | D:4      | Bought a scroll of enchant armour for 90 gold pieces
  8463 | D:7      | Found a flagged portal.
  8507 | Bailey   | Entered a bailey
  9027 | Bailey   | Noticed a gargoyle
  9038 | Bailey   | Killed a gargoyle
  9343 | Bailey   | Found the +2 pair of slick slippers {slick, slippery, EV+4}
  9348 | Bailey   | Identified the +2 ring mail "Metusi" {*Slow rPois MP+9
                  | Stlth+}
  9771 | D:7      | Learned a level 2 spell: Passwall
  9946 | D:7      | Found a staircase to the Ecumenical Temple.
  9975 | Temple   | Entered the Ecumenical Temple
 10432 | D:5      | Killed bande's ghost
 10433 | D:5      | Reached XP level 10. HP: 83/83 MP: 15/20
 10715 | D:7      | Learned a level 2 spell: Blink
 11337 | D:8      | Reached skill level 5 in Spellcasting
 12144 | D:9      | Found a staircase to the Lair.
 12224 | D:9      | Reached skill level 1 in Translocations
 12414 | D:9      | Reached XP level 11. HP: 92/92 MP: 15/22
 12951 | D:9      | Learned a level 3 spell: Swiftness
 12964 | Lair:1   | Entered Level 1 of the Lair of Beasts
 12996 | Lair:1   | Reached skill level 1 in Air Magic
 12996 | Lair:1   | Identified the +0 ring mail of the Six Visionaries {rF++
                  | rCorr Str+2 Dex-5}
 13237 | Lair:1   | Reached skill level 5 in Translocations
 13365 | Lair:1   | Noticed a boulder beetle
 13367 | Lair:1   | Noticed a four-headed hydra
 13402 | Lair:1   | Killed a boulder beetle
 13589 | Lair:1   | Killed a four-headed hydra
 13621 | Lair:1   | Reached skill level 5 in Air Magic
 14047 | Lair:1   | Upgraded the game from 0.30-a0-1008-g30c9307041 to
                  | 0.30-a0-1016-gfb0d676c02
 14164 | D:4      | Bought a scroll of acquirement for 624 gold pieces
 14278 | Lair:1   | Acquired the amulet "Zal Qihe" {RegenMP rCorr MP+9 Int+3}
 14361 | Lair:2   | Noticed a five-headed hydra
 14361 | Lair:2   | Noticed a skyshark
 14372 | Lair:1   | Killed a five-headed hydra
 14927 | Lair:2   | Noticed a catoblepas
 14942 | Lair:2   | Killed a catoblepas
 15018 | Lair:2   | Found a staircase to the Shoals.
 15077 | Lair:2   | Learned a level 4 spell: Manifold Assault
 15103 | Lair:2   | Killed a skyshark
 15104 | Lair:2   | Reached XP level 12. HP: 100/100 MP: 26/26
 15159 | Lair:2   | Found a staircase to the Snake Pit.
 15849 | Lair:2   | Noticed a catoblepas
 15869 | Lair:2   | Found a runed translucent door.
 16807 | Lair:2   | Killed a catoblepas
 17159 | D:4      | Bought a scroll of teleportation for 36 gold pieces
 19370 | Lair:4   | Reached XP level 13. HP: 108/108 MP: 27/27
 19767 | Lair:1   | Upgraded the game from 0.30-a0-1016-gfb0d676c02 to
                  | 0.30-a0-1018-g25214051b3
 19867 | Lair:5   | Entered Level 5 of the Lair of Beasts
 19957 | Lair:5   | Found a staircase to the Slime Pits.
 20611 | Lair:5   | Found a runed translucent door.
 20844 | Lair:5   | Reached skill level 10 in Translocations
 21599 | Lair:5   | Noticed a dire elephant
 21617 | Lair:5   | Killed a dire elephant
 21618 | Lair:5   | Reached skill level 10 in Fighting
 21627 | Lair:5   | Reached skill level 10 in Dodging
 21627 | Lair:5   | Reached skill level 10 in Unarmed Combat
 21888 | Lair:5   | Reached XP level 14. HP: 96/121 MP: 17/28
 22685 | Lair:1   | Upgraded the game from 0.30-a0-1018-g25214051b3 to
                  | 0.30-a0-1035-g38d5fb2972
 22694 | D:10     | Entered Level 10 of the Dungeon
 23307 | D:10     | Found a runed translucent door.
 23307 | D:10     | Noticed Maxmaps's ghost (journeyman DsMo)
 23435 | D:10     | Killed Maxmaps's ghost
 23841 | D:11     | Noticed Fannar
 23859 | D:11     | Killed Fannar
 23930 | D:11     | Found Suell's Book Shop.
 25106 | D:12     | Found a staircase to the Orcish Mines.
 25501 | D:12     | Noticed Josephine
 25520 | D:12     | Killed Josephine
 26049 | Orc:1    | Entered Level 1 of the Orcish Mines
 26049 | Orc:1    | Noticed Erica
 26161 | Orc:1    | Killed Erica
 26684 | Orc:2    | Entered Level 2 of the Orcish Mines
 26684 | Orc:2    | Found a runed translucent gate.
 26684 | Orc:2    | Found a runed translucent gate.
 26684 | Orc:2    | Found a staircase to the Elven Halls.
 26684 | Orc:2    | Found a runed translucent gate.
 26889 | Orc:2    | Found Juer's Assorted Antiques.
 27640 | Orc:2    | Found Koxteas's Antique Armour Emporium.
 27640 | Orc:2    | Found Voufol's Armour Shop.
 27642 | Orc:2    | Found Libumac's Antique Weapon Boutique.
 27644 | Orc:2    | Found Toag Fem's Weapon Shoppe.
 27660 | Orc:2    | Bought the +0 mask of the Dragon {Will+ Slay+3 SInv} for
                  | 434 gold pieces
 27660 | Orc:2    | Found the +0 mask of the Dragon {Will+ Slay+3 SInv}
 27749 | Orc:2    | Noticed HilariousDeathArtist's ghost (journeyman HuBe)
 27749 | Orc:2    | Noticed Heh's ghost (journeyman OpHW)
 28096 | Orc:2    | Bought a scroll labelled IGUJOTRAZXE for 24 gold pieces
 28096 | Orc:2    | Bought a scroll labelled ONONEB SAXITE for 24 gold pieces
 28096 | Orc:2    | Bought a blackened sapphire amulet for 120 gold pieces
 28159 | Orc:2    | Bought a pair of glowing gloves for 262 gold pieces
 28169 | Orc:2    | Bought an embroidered scarf for 280 gold pieces
 28570 | Orc:1    | Killed HilariousDeathArtist's ghost
 29055 | Orc:2    | Killed Heh's ghost
 29471 | Snake:1  | Entered Level 1 of the Snake Pit
 29471 | Snake:1  | Noticed Roxanne
 29483 | Snake:1  | Killed from afar by Roxanne

Illustrated notes

Levels and vault maps discovered:
D:1:      lightli_arrival_windingriver, layout_loops_ring, st_stairs_6,
          chequers_serial_rivers_marsh, chequers_serial_rivers_large_a
D:2:      layout_basic, minmay_divided_ellipse
D:3:      layout_loops_ring, mainiacjoe_overflow_boulevard,
          mainiacjoe_overflow_swirl, uniq_sigmund, uniq_natasha
D:4:      layout_basic, mainiacjoe_overflow_divided_tiny, serial_shops,
          nicolae_shop_behind_doors
D:5:      layout_basic, gammafunk_ghost_necromancy,
          chequers_serial_rivers_micro_b, uniq_grinder
D:6:      layout_loops_corners, st_stairs_9, grunt_decor_arrowhead,
          minmay_manual_mandibuliform, uniq_maggie, uniq_edmund,
          uniq_blork_the_orc
D:7:      layout_rooms, minmay_temple_entry_grid, enter_bailey_4
D:8:      layout_cave_pools, minivault_14, minmay_misc_feat_secret_circle
D:9:      minmay_polygon_palace, layout_basic, nicolae_overflow_crystal_walls,
          lair_entry_dummy, dk_vineyard_2, sword_in_stone
D:10:     layout_roguey [special_room_orc], ebering_ghost_xom
D:11:     layout_irregular_city, serial_shops, nicolae_take_the_stairs,
          uniq_fannar
D:12:     layout_basic, david_orc_1_choice, uniq_josephine
Temple:   nicolae_temple_elliptical
Lair:1:   layout_big_grid
Lair:2:   gammafunk_lair_enchanted_lake, layout_cave_pods,
          minmay_shoals_entry_hut, nicolae_snake_entry_warm_welcome
Lair:3:   layout_cave_pods, serial_bayou_shore_a
Lair:4:   layout_roguey, grunt_megastairs_5, infiniplex_staircase_pool
Lair:5:   wormcave, layout_gridlike, hangedman_lair_in_review,
          nicolae_slime_entry_slimehenge, lemuel_fruit_tree
Snake:1:  layout_onion_interference, uniq_roxanne
Orc:1:    layout_caves, basic_altar, uniq_erica
Orc:2:    st_orc_rangers, layout_caves, gammafunk_ghost_cemetery, serial_shops,
          nicolae_shop_statue_plus

Skill      XL: |  1  2  3  4  5  6  7  8  9 10 11 12 13 14 |
---------------+-------------------------------------------+-----
Fighting       | 2 3 4 5 6 7 8 10 11 | 11.0
Unarmed Combat | 3 4 5 6 7 8 10 11 | 11.0
Dodging        | 2 3 4 5 6 7 8 10 11 | 11.0
Spellcasting   | 2 3 4 5 7 |  7.4
Transmutations | 2 3 4 5 6 7 |  7.5
Poison Magic   | 1 |  1.0
Ice Magic      | 4 5 6 |  6.0
Translocations | 3 6 8 10 11 | 11.0
Air Magic      | 6 |  6.0

Action                     |  1- 3 |  4- 6 |  7- 9 | 10-12 | 13-15 || total
---------------------------+-------+-------+-------+-------+-------++-------
  Melee: Unarmed           |    84 |   155 |   429 |   763 |   989 ||  2420
         Kick              |    19 |    21 |    22 |       |       ||    62
         Headbutt          |    10 |     7 |    10 |       |       ||    27
         Punch             |       |     1 |     6 |     2 |     8 ||    17
   Fire: Sling             |    32 |    29 |       |       |       ||    61
  Throw: Dart              |       |     1 |     2 |       |       ||     3
   Cast: Beastly Appendage |    28 |    18 |    10 |       |       ||    56
         Spider Form       |       |    21 |    25 |     1 |     1 ||    48
         Ice Form          |       |       |    35 |    66 |    74 ||   175
         Ozocubu's Armour  |       |       |    44 |    57 |    62 ||   163
         Passwall          |       |       |       |     4 |     1 ||     5
         Wereblood         |       |       |       |     9 |    16 ||    25
         Manifold Assault  |       |       |       |    30 |   247 ||   277
         Blink             |       |       |       |     1 |     1 ||     2
         Swiftness         |       |       |       |     1 |       ||     1
Ability: End Transformatio |       |     2 |     3 |       |     5 ||    10
  Evoke: Wand              |       |       |       |    16 |     5 ||    21
    Use: Scroll            |       |     2 |     6 |     5 |     9 ||    22
         Potion            |       |       |       |     1 |     4 ||     5
   Stab: Sleeping          |     2 |     1 |     4 |     1 |     2 ||    10
         Petrified         |       |       |       |       |     6 ||     6
         Invisible         |       |       |       |       |     4 ||     4
 Armour: Robe              |     5 |     3 |     2 |       |       ||    10
         Skin              |       |     1 |    71 |   100 |   135 ||   307
         Steam dragon scal |       |       |     3 |    25 |    18 ||    46
  Dodge: Dodged            |    81 |   167 |   437 |   702 |   745 ||  2132

Table legend: (Time is in decaauts)
 A = Elapsed time spent in this place.
 B = Non-inter-level travel time spent in this place.
 C = Inter-level travel time spent in this place.
 D = Time resting spent in this place.
 E = Time spent auto-exploring this place.
 F = Levels seen in this place.
 G = Mean time per level.
                   A        B        C        D        E       F      G
               +--------+--------+--------+--------+--------+-----+--------+
         Total |  29352 |  24771 |   4581 |   6607 |   7805 |  22 | 1334.2 |
       Dungeon |  16538 |  13311 |   3227 |   2569 |   5837 |  12 | 1378.2 |
        Temple |     25 |     23 |      2 |      0 |      0 |   1 |   25.0 |
          Lair |   9230 |   8026 |   1204 |   2414 |   1772 |   5 | 1846.0 |
     Snake Pit |     10 |     10 |      0 |      0 |      0 |   1 |   10.0 |
  Orcish Mines |   2525 |   2378 |    147 |   1034 |    173 |   2 | 1262.5 |
        Bailey |   1021 |   1021 |      0 |    589 |     23 |   1 | 1021.0 |
               +--------+--------+--------+--------+--------+-----+--------+

Top non-repeatable levels by time:
  Lair:2: 2689 daAuts
  Lair:5: 2498 daAuts
    D:12: 1878 daAuts
     D:6: 1874 daAuts
     D:5: 1723 daAuts
     D:9: 1576 daAuts
  Lair:1: 1566 daAuts
     D:4: 1543 daAuts
     D:3: 1536 daAuts
     D:2: 1516 daAuts
   Orc:2: 1477 daAuts
  Lair:3: 1453 daAuts
   Orc:1: 1048 daAuts
    D:11: 1040 daAuts
    D:10: 1026 daAuts
